 Dungeon Crawl Stone Soup version 0.21.1-1-g345015f (webtiles) character file.

52 Monsterracer the Sneak (level 3, 0/14 HPs)
             Began as a Felid Enchanter on Feb 6, 2018.
             Slain by a centaur (6 damage)
             ... on level 3 of the Dungeon.
             The game lasted 00:03:34 (2873 turns).

Monsterracer the Sneak (Felid Enchanter)            Turns: 2873, Time: 00:03:35

Health: 0/14       AC:  1    Str:  4    XL:     3   Next: 60%
Magic:  5/7        EV: 18    Int: 17    God:
Gold:   128        SH:  0    Dex: 16    Spells: 0/6 levels left
                                        Lives:  0   Deaths: 0

rFire    . . .     SeeInvis +     - Unarmed
rCold    . . .     Gourm    .   (shield unavailable)
rNeg     . . .     Faith    .   (armour unavailable)
rPois    .         Spirit   .   (helmet unavailable)
rElec    .         Reflect  .   (cloak unavailable)
rCorr    .         Harm     .   (gloves unavailable)
MR       .....                  (boots unavailable)
Stlth    +++.......             (no amulet)
HPRegen  0.04/turn              (no ring)
MPRegen  0.10/turn              (no ring)

@: quick
A: very small, no armour, no weapons or thrown items, stealth, claws 1, fangs 3,
see invisible, carnivore, speed 1, shaggy fur 1, slow metabolism 1, sharp paws
a: no special abilities


You were on level 3 of the Dungeon.
You were very full.

You visited 1 branch of the dungeon, and saw 3 of its levels.

You collected 128 gold pieces.

Inventory:

Jewellery
 e - an uncursed ring of see invisible {unknown}
Scrolls
 b - 2 scrolls of magic mapping {unknown}
 d - a scroll of enchant armour {unknown}
 f - a scroll of remove curse {unknown}
 h - a scroll of identify {unknown}
 i - a scroll of fog {unknown}
 j - a scroll of teleportation {unknown}
Potions
 g - a potion of haste {unknown}
 k - a potion of might {unknown}
 l - 2 potions of agility {unknown}
Books
 a - a book of Maledictions

   Spells                             Type                      Level
   a - Corona                         Hexes                        1
   b - Ensorcelled Hibernation        Hexes/Ice                    2
   c - Confuse                        Hexes                        3
   d - Tukima's Dance                 Hexes                        3
   e - Dazzling Spray                 Conjuration/Hexes            3
Comestibles
 c - 8 rations


   Skills:
 - Level 2.6 Dodging
 * Level 5.3 Stealth
 * Level 2.4 Unarmed Combat
 - Level 2.0 Spellcasting
 + Level 4.6 Hexes


You couldn't memorise any spells.
You knew the following spells:

 Your Spells              Type           Power        Failure   Level  Hunger
a - Corona                Hex            ###....      2%          1    #......
b - Ensorcelled Hibernat  Hex/Ice        #.....       11%         2    ###....
c - Confuse               Hex            ###.....     9%          3    ###....


Dungeon Overview and Level Annotations

Branches:
Dungeon (3/15)

Altars:
Nemelex Xobeh


Innate Abilities, Weirdness & Mutations

You cannot wear armour.
You are incapable of wielding weapons or throwing items.
Your paws allow you to move quietly. (Stealth)
You have sharp claws.
You have razor-sharp teeth.
You have supernaturally acute eyesight. (SInv)
You are carnivorous and can eat meat at any time.
You cover ground quickly.
You are covered in fur. (AC +1)
You have a slow metabolism.
Your sharp claws are effective at attacking unaware monsters.


Message History

You scratch the goblin. Your bite misses the goblin.
The goblin is heavily wounded.
The goblin closely misses you.
You scratch the goblin.
You kill the goblin!
You scratch the kobold but do no damage.
The kobold closely misses you.
You barely miss the kobold. Your bite misses the kobold. The kobold misses you.
You scratch the kobold. You bite the kobold, but do no damage.
The kobold is severely wounded.
The kobold barely misses you.
You closely miss the kobold.
The kobold is severely wounded.
The kobold closely misses you.
You scratch the kobold.
You kill the kobold!
You see here a club.
The dart slug completely misses you.
Found 6 gold pieces.
Found a stone staircase leading down.
You scratch the dart slug.
The dart slug is lightly wounded.
You scratch the dart slug.
The dart slug is lightly wounded.
The dart slug closely misses you.
You scratch the dart slug.
The dart slug is heavily wounded.
The dart slug bites you but does no damage.
You scratch the dart slug but do no damage.
The dart slug is heavily wounded.
You scratch the dart slug but do no damage.
The dart slug is heavily wounded.
The dart slug completely misses you.
You scratch the dart slug.
You bite the dart slug, but do no damage.
The dart slug is severely wounded.
The dart slug completely misses you.
A dart slug is nearby!
You scratch the dart slug but do no damage.
The dart slug is severely wounded.
A dart slug is nearby!
You scratch the dart slug.
You kill the dart slug!
No target in view!
You butcher the dart slug corpse.
l - 2 chunks of flesh Eating one of 2 chunks of flesh.
You eat one of the 2 chunks of flesh.
This raw flesh tastes great.
Eating a chunk of flesh.
You eat the chunk of flesh.
This raw flesh tastes great.
Found 12 arrows.
No target in view!
c - 7 rations (gained 1)
You now have 79 gold pieces (gained 6).
Found 13 arrows.
You now have 90 gold pieces (gained 11).
Found a short sword.
You now have 101 gold pieces (gained 11).
l - 2 emerald potions The frilled lizard is too close now for your liking.
Found a ration.
The frilled lizard hisses angrily.
The frilled lizard misses you.
You see here 14 gold pieces.
You scratch the frilled lizard.
You kill the frilled lizard!
No target in view!
You now have 115 gold pieces (gained 14).
c - 8 rations (gained 1)
You now have 128 gold pieces (gained 13).
A kobold and a centaur come into view.
There are monsters nearby!
There are monsters nearby!
Found a spear.
The helpless kobold fails to defend itself.
You claw the kobold!
You kill the kobold!
The centaur shouts!
The centaur misses you.
Things that are here:
a short sword; 3 stones; a kobold corpse You scratch the centaur.
You bite the centaur, but do no damage.
The centaur is lightly wounded.
The centaur closely misses you. x2
You scratch the centaur but do no damage.
You bite the centaur, but do no damage.
The centaur is lightly wounded.
The centaur barely misses you.
You scratch the centaur.
The centaur is moderately wounded.
The centaur hits you!
Ouch! That really hurt!
* * * LOW HITPOINT WARNING * * *
You take 8 damage, and have 6/14 hp.
MASSIVE DAMAGE!!
Casting: Ensorcelled Hibernation
Confirm with . or Enter, or press ? or * to list all spells.
Aiming: Ensorcelled Hibernation
Press: ? - help, Shift-Dir - straight line, f - centaur
Aim: a centaur (moderately wounded, chance to defeat MR: 40%)
The centaur resists with some effort.
The centaur hits you.
You die...

#.# ##.## #...# . ##
#...##### ##) .#
#...#... ..# .####
####...#.### #.# ....
...........###.# ..#
............##.##c.#
............##..@..#
##.#.....##.##..#..##
#.#...................
##.#....###.####.####.#
.<......# #........ #
.#......# ######.###
.#....### .#
S#.##.####### .#
...##.......####>####


You could see a centaur.

Vanquished Creatures
  An ooze (D:2)
  2 dart slugs
  2 leopard geckos
  An orc (D:2)
  A ball python (D:3)
  A bat (D:2)
  4 giant cockroaches
  7 goblins
  3 hobgoblins
  2 jackals (D:2)
  3 frilled lizards
  6 kobolds
  4 rats
37 creatures vanquished.

Notes
Turn   | Place    | Note
-------+----------+-------------------------------------------
     0 | D:1      | Monsterracer the Felid Enchanter began the quest for the Orb.
     0 | D:1      | Reached XP level 1. HP: 7/7 MP: 4/4
   256 | D:1      | HP: 3/7 [dart slug/slug dart (4)]
   594 | D:1      | HP: 2/7 [leopard gecko (3)]
   601 | D:1      | Reached XP level 2. HP: 2/11 MP: 3/6
   605 | D:1      | Learned a level 2 spell: Ensorcelled Hibernation
  1458 | D:2      | HP: 3/11 [orc/club (7)]
  1700 | D:2      | Found a sparkling altar of Nemelex Xobeh.
  1707 | D:2      | Reached skill level 5 in Stealth
  1779 | D:2      | Reached XP level 3. HP: 14/14 MP: 7/7
  1791 | D:2      | Learned a level 3 spell: Confuse
  2333 | D:3      | HP: 6/14 [hobgoblin (4)]
  2355 | D:3      | HP: 2/14 [hobgoblin (5)]
  2863 | D:3      | Noticed a centaur
  2872 | D:3      | HP: 6/14 [centaur (8)]
  2873 | D:3      | Slain by a centaur

Skill      XL: |  1  2 |
---------------+-------+-----
Unarmed Combat | 2 |  2.4
Stealth        | 5 |  5.3
Dodging        | |  2.6
Spellcasting   | |  2.0
Hexes          | |  4.6

Action                   || total
-------------------------++-------
Melee: Unarmed           ||   106
       Bite              ||     7
 Cast: Corona            ||     2
       Ensorcelled Hiber ||     5
 Stab: Sleeping          ||    17
       Distracted        ||     1
  Eat: Chunk             ||    11
Armor: Skin              ||     1
Dodge: Dodged            ||    65

Vault maps used:
D:1:      scummos_arrival_simple_crosswalls
D:2:      serial_bayou, serial_bayou_pond_a, serial_bayou_pond_b,
          serial_bayou_lake_a, serial_bayou_pond_d, serial_bayou_ford_a,
          first_ration, minivault_11, nemelex_dance_club_becter
D:3:      uniq_jessica
